 Dungeon Crawl Stone Soup version 0.24.0-1-gfbc8707122 (webtiles) character file.

Game seed: 4686992011642251572, levelgen mode: deterministic

2083 Nivan the Conjurer (level 9, -2/69 HPs)
             Began as a Pale Draconian Conjurer on Oct 26, 2019.
             Was a Follower of Vehumet.
             Shot with a sling bullet by Joseph (26 damage)
             ... on level 7 of the Dungeon.
             The game lasted 00:23:41 (6894 turns).

Nivan the Conjurer (Pale Draconian Conjurer)        Turns: 6894, Time: 00:23:42

Health: -2/69      AC:  8    Str: 12    XL:     9   Next: 6%
Magic:  10/18      EV: 11    Int: 18    God:    Vehumet [*.....]
Gold:   245        SH:  0    Dex: 11    Spells: 10/20 levels left

rFire    . . .     SeeInvis .   g - +0 quarterstaff (drain)
rCold    + . .     Gourm    .   (shield currently unavailable)
rNeg     . . .     Faith    .   (armour unavailable)
rPois    .         Spirit   .   (helmet restricted)
rElec    .         Reflect  .   k - +0 cloak
rCorr    .         Harm     +   (no gloves)
MR       .....                  (no boots)
Stlth    ++........             o - amulet of harm
HPRegen  0.21/turn              a - ring of protection from cold
MPRegen  0.16/turn              s - -2 ring of evasion (curse)

@: no status effects
A: breathe steam, unfitting armour, cold-blooded, AC +7
a: Breathe Steam, Renounce Religion


You were on level 7 of the Dungeon.
You worshipped Vehumet.
Vehumet was aware of your devotion.
You were not hungry.

You visited 1 branch of the dungeon, and saw 7 of its levels.

You collected 245 gold pieces.

Inventory:

Hand Weapons
 g - a +0 quarterstaff of draining (weapon)
 q - a +0 quarterstaff
Armour
 k - a +0 cloak (worn)
Jewellery
 a - a ring of protection from cold (left hand)
 o - an amulet of harm (around neck)
 s - a cursed -2 ring of evasion (right hand)
Wands
 m - a wand of polymorph (4)
Scrolls
 c - 6 scrolls of identify {unknown}
 d - a scroll of magic mapping {unknown}
 e - 2 scrolls of teleportation {unknown}
 l - 2 scrolls of enchant armour {unknown}
 p - 4 scrolls of remove curse {unknown}
 r - 3 scrolls of fog {unknown}
 w - a scroll of immolation {unknown}
 y - 2 scrolls of enchant weapon {unknown}
Potions
 f - a potion of heal wounds {unknown}
 h - 2 potions of might {unknown}
 i - 2 potions of haste {unknown}
 j - a potion of lignification {unknown}
 n - 2 potions of cancellation {unknown}
 t - 2 potions of flight {unknown}
 u - a potion of degeneration {unknown}
 v - a potion of curing {unknown}
 z - a potion of berserk rage {unknown}
Comestibles
 b - 11 rations
 x - 2 chunks of flesh


   Skills:
 + Level 3.0 Fighting
 + Level 3.7 Staves
 + Level 4.1 Dodging
 + Level 3.5 Stealth
 + Level 6.4 Spellcasting
 + Level 7.8 Conjurations


You had 10 spell levels left.
You knew the following spells:

 Your Spells              Type           Power        Failure   Level  Hunger
a - Magic Dart            Conj           ####         1%          1    None
b - Searing Ray           Conj           ####..       1%          2    None
c - Iskenderun's Mystic   Conj           ####....     4%          4    ####...
d - Dazzling Spray        Conj/Hex       ###...       7%          3    ##.....

Your spell library contained the following spells:

 Spells                   Type           Power        Failure   Level  Hunger
 Freeze                   Ice            #...         12%         1    None
 Confusing Touch          Hex            #.....       12%         1    None
 Infusion                 Chrm           #...         12%         1    None
 Shroud of Golubria       Chrm/Tloc      #.....       17%         2    None
 Song of Slaying          Chrm           #.......     17%         2    None
 Force Lance              Conj/Tloc      ###.....     22%         4    ####...
 Fulminant Prism          Conj/Hex       ###.......   22%         4    ####...
 Confuse                  Hex            #.......     34%         3    ##.....
 Gell's Gravitas          Tloc           #.........   34%         3    ##.....
 Regeneration             Chrm/Necr      #.........   34%         3    ##.....
 Spectral Weapon          Hex/Chrm       #.......     34%         3    ##.....
 Petrify                  Tmut/Erth      #.......     75%         4    ####...
 Metabolic Englaciation   Hex/Ice        #.........   97%         5    #####..
 Yara's Violent Unravell  Hex/Tmut       #.........   97%         5    #####..


Dungeon Overview and Level Annotations

Branches:
Dungeon (7/15)             Temple (0/1) D:5

Altars:
Ashenzari
Fedhas
Okawaru
Qazlal
Vehumet
Yredelemnul

Annotations:
D:7 Joseph, Pikel


Innate Abilities, Weirdness & Mutations

You can breathe blasts of scalding, opaque steam.
Your pale cyan-grey scales are hard. (AC +7)
You cannot fit into any form of body armour.
You are cold-blooded and may be slowed by cold attacks.


Message History

You hear a shout! x2
Casting: Magic Dart (safe; 1% risk of failure)
Confirm with . or Enter, or press ? or * to list all spells.
Aiming: Iskenderun's Mystic Blast (safe; 4% risk of failure)
Press: ? - help, Shift-Dir - straight line, f - Joseph
Aim: Joseph, wielding a +3 hunting sling of velocity and wearing a +0 ring mail of positive energy The orb of energy hits Joseph.
Joseph is lightly wounded.
Joseph says, "Drop everything you've found here and return home."
Joseph shoots a sling bullet.
The sling bullet hits you!
Casting: Iskenderun's Mystic Blast (safe; 4% risk of failure)
Confirm with . or Enter, or press ? or * to list all spells.
Aiming: Iskenderun's Mystic Blast (safe; 4% risk of failure)
Press: ? - help, Shift-Dir - straight line, f/p - Joseph
Aim: Joseph, wielding a +3 hunting sling of velocity and wearing a +0 ring mail of positive energy (lightly wounded)
The orb of energy hits Joseph!
Joseph is moderately wounded.
Joseph shoots a sling bullet.
The sling bullet hits you!
Joseph shoots a sling bullet.
The sling bullet hits you!!
You die...

### #<######.# .########
#.#....#.# .........
#.#.##.#.# .....oo..
#.).##.#.# #....@...
####...#.# #........
#.###.# #......<.
#####.#...########........
#>.......@.(....@oo.......
#.###.#.############.####.
#.#... #. #. #.###.# # #5
#.# ^.. .J #.# ### .. ...
... .. .5.. .....


You could see Joseph.

Vanquished Creatures
  Grinder (D:4)
  A black bear (D:6)
  2 phantoms
  An orc warrior (D:6)
  2 ice beasts (D:6)
  3 ogres
  A centaur (D:5)
  3 bullfrogs
  2 jellies
  A howler monkey (D:5)
  2 crimson imps
  A bullfrog skeleton (D:4)
  4 orc wizards
  An iguana (D:3)
  Natasha (thrice) (D:3)
  A centaur skeleton (D:6)
  5 worker ants
  A hound skeleton (D:4)
  9 adders
  A shadow imp (D:5)
  An ooze (D:2)
  An adder zombie (D:7)
  3 worms
  4 dart slugs
  12 leopard geckos
  14 orcs
  8 bats
  6 giant cockroaches
  12 hobgoblins
  14 jackals
  9 kobolds
  2 quokkas (D:3)
  5 ball pythons
  9 frilled lizards
  6 goblins
  2 leopard gecko skeletons
  6 rats (D:1)
159 creatures vanquished.

Notes
Turn   | Place    | Note
-------+----------+-------------------------------------------
     0 | D:1      | Nivan the Draconian Conjurer began the quest for the Orb.
     0 | D:1      | Reached XP level 1. HP: 14/14 MP: 3/3
   178 | D:1      | Reached XP level 2. HP: 20/20 MP: 0/5
  1138 | D:1      | Reached XP level 3. HP: 26/26 MP: 1/6
  1650 | D:2      | Found a basalt altar of Yredelemnul.
  1964 | D:2      | Reached XP level 4. HP: 30/34 MP: 3/8
  2061 | D:2      | Reached skill level 5 in Conjurations
  2625 | D:3      | Noticed Natasha
  2677 | D:3      | Killed Natasha
  2677 | D:3      | Reached XP level 5. HP: 35/39 MP: 0/9
  2949 | D:3      | Noticed Natasha
  2954 | D:3      | Killed Natasha
  3028 | D:3      | Found a stormy altar of Qazlal.
  3095 | D:3      | Noticed Natasha
  3098 | D:3      | Killed Natasha
  3464 | D:3      | Learned a level 2 spell: Searing Ray
  3478 | D:3      | Reached XP level 6. HP: 30/46 MP: 0/11
  3626 | D:4      | Found a shattered altar of Ashenzari.
  3655 | D:4      | Noticed Grinder
  3663 | D:4      | Paralysed by Grinder for 7 turns
  3681 | D:4      | Killed Grinder
  3681 | D:4      | Reached skill level 1 in Fighting
  3681 | D:4      | Reached skill level 1 in Staves
  3681 | D:4      | Reached skill level 6 in Conjurations
  3802 | D:4      | Your scales start taking on a pale cyan-grey colour.
  3802 | D:4      | Reached XP level 7. HP: 38/52 MP: 9/13
  3999 | D:4      | Found a radiant altar of Vehumet.
  4006 | D:4      | Became a worshipper of Vehumet
  4363 | D:5      | Entered Level 5 of the Dungeon
  4669 | D:5      | Reached skill level 5 in Spellcasting
  4907 | D:5      | Reached XP level 8. HP: 17/61 MP: 7/15
  5086 | D:5      | Found a blossoming altar of Fedhas.
  5250 | D:5      | Reached * piety under Vehumet
  5250 | D:5      | Offered knowledge of Freeze by Vehumet.
  5394 | D:5      | Found a staircase to the Ecumenical Temple.
  5829 | D:6      | Reached skill level 7 in Conjurations
  6336 | D:6      | Learned a level 4 spell: Iskenderun's Mystic Blast
  6340 | D:6      | Learned a level 3 spell: Dazzling Spray
  6486 | D:6      | Found an iron altar of Okawaru.
  6513 | D:6      | Reached XP level 9. HP: 46/68 MP: 7/18
  6820 | D:7      | Noticed Joseph
  6824 | D:7      | Noticed Pikel
  6894 | D:7      | Shot with a sling bullet by Joseph

Levels and vault maps discovered:
D:1:      co_arrival_hall_of_pillars, layout_basic
D:2:      layout_rooms, old_standard_altar, minmay_misc_feat_more_columns
D:3:      layout_loops_ring, lemuel_round_altar, first_ration,
          chequers_serial_rivers_micro_a, nicolae_underground_beach,
          uniq_natasha
D:4:      layout_cave_pools, nicolae_overflow_crystal_walls, ashenzari_altar_1,
          uniq_grinder
D:5:      layout_loops_corners, lemuel_round_altar,
          minmay_temple_entry_stoned_glass
D:6:      layout_basic, basic_altar
D:7:      minmay_clustersquares, layout_basic,
          nicolae_gozag_cash_rules_everything_around_me, grunt_livestock,
          uniq_pikel, uniq_joseph

Skill      XL: |  1  2  3  4  5  6  7  8  9 |
---------------+----------------------------+-----
Dodging        | 2 3 4 |  4.1
Stealth        | 2 3 |  3.5
Conjurations   | 5 6 7 |  7.8
Spellcasting   | 3 4 5 6 |  6.4
Fighting       | 1 2 3 |  3.0
Staves         | 1 2 3 |  3.7

Action                   |  1- 3 |  4- 6 |  7- 9 || total
-------------------------+-------+-------+-------++-------
Melee: Unarmed           |    58 |    13 |       ||    71
       Tailslap          |     5 |     7 |     1 ||    13
       Quarterstaff      |       |    30 |    58 ||    88
 Cast: Magic Dart        |    92 |   119 |   131 ||   342
       Searing Ray       |       |     4 |    12 ||    16
       Iskenderun's Myst |       |       |     8 ||     8
       Dazzling Spray    |       |       |     1 ||     1
 Stab: Sleeping          |       |     1 |       ||     1
  Eat: Chunk             |     5 |     6 |    10 ||    21
Armor: Skin              |    20 |    14 |    39 ||    73
Dodge: Dodged            |    47 |    49 |    49 ||   145
